 Dungeon Crawl Stone Soup version 0.29.1-2-gbd0b4ee654 (webtiles) character file.

Game seed: 8430179496005011297

23 SeekBlessings the Shield-Bearer (level 3, 0/30 HPs)
             Began as a Formicid Fighter on Nov 23, 2022.
             Succumbed to a kobold's poison
             ... on level 1 of the Dungeon.
             The game lasted 00:01:53 (920 turns).

SeekBlessings the Shield-Bearer (Formicid Fighter)   Turns: 920, Time: 00:01:54

Health: 0/30       AC:  7    Str: 22    XL:     3   Next: 12%
Magic:  3/3        EV:  9    Int:  7    God:
Gold:   19         SH:  5    Dex: 13    Spells: 2/2 levels left

rFire   . . .      SeeInvis +   a - +0 flail
rCold   . . .      Faith    .   c - +0 buckler
rNeg    . . .      Spirit   .   b - +0 scale mail
rPois   .          Reflect  .   (helmet unavailable)
rElec   .          Harm     .   (no cloak)
rCorr   .          Rampage  .   (no gloves)
Will    .....                   (no boots)
Stlth   ..........              (no amulet)
HPRegen 0.10/turn               (no ring)
MPRegen 0.08/turn               (no ring)

@: lethally poisoned (0 -> -20)
A: permanent stasis, dig shafts and tunnels, antennae 3, four strong arms
a: Dig, Shaft Self


You were on level 1 of the Dungeon.
You visited 1 branch of the dungeon, and saw 2 of its levels.

You collected 19 gold pieces.

Inventory:

Hand Weapons
 a - a +0 flail (weapon)
Armour
 b - a +0 scale mail (worn)
 c - a +0 buckler (worn)
Scrolls
 e - a scroll of magic mapping {unknown}
 f - 2 scrolls of poison {unknown}
 g - 2 scrolls of identify {unknown}
 h - a scroll of enchant armour {unknown}
 j - a scroll of teleportation {unknown}
Potions
 d - a potion of might
 k - a potion of lignification {unknown}
 l - a potion of haste {unknown}


   Skills:
 * Level 3.7 Fighting
 * Level 2.5 Maces & Flails
 * Level 3.7 Armour
 - Level 4.0 Shields


You had 2 spell levels left.
You didn't know any spells.
Your spell library contained the following spells:

 Spells                   Type           Power      Damage    Failure   Level
 Sting                    Tmut/Pois      0%         1d3       82%         1
 Poisonous Vapours        Pois/Air       0%         N/A       91%         2
 Olgreb's Toxic Radiance  Pois           0%         N/A       100%        4


Dungeon Overview and Level Annotations

Branches:
Dungeon (2/15)

Altars:

Shops:
D:1 [


Innate Abilities, Weirdness & Mutations

You cannot be hasted, slowed, berserked, paralysed or teleported.
You can dig through walls and to a lower floor.
You have a pair of large antennae on your head. (SInv)
Your four strong arms can wield two-handed weapons with a shield.


Message History

The endoplasm freezes you.
You are frozen.
You sock the endoplasm!
You kill the endoplasm!
An adder comes into view.
The kobold throws a stone.
The stone barely misses you.
A hobgoblin comes into view.
The hobgoblin shouts!
The kobold throws a stone.
You block the stone.
You barely miss the adder. The adder bites you but does no damage.
The kobold hits you but does no damage.
You are poisoned.
You miss the adder.
You feel very sick.
The adder bites you. x2; The kobold hits you but does no damage.
You are more poisoned.
You hit the adder.
The adder is lightly wounded.
You feel very sick. You block the adder's attack.
The hobgoblin hits you but does no damage.
You block the kobold's attack. The adder bites you but does no damage.
You thump the adder!
The adder is almost dead.
You feel very sick. The adder completely misses you.
The kobold hits you with a +0 dagger of venom.
You are lethally poisoned!
The hobgoblin closely misses you. The adder barely misses you.
The hobgoblin barely misses you.
The kobold hits you with a +0 dagger of venom.
You are more poisoned.
* * * LOW HITPOINT WARNING * * *
You feel very sick. The adder bites you but does no damage.
The hobgoblin hits you but does no damage.
The kobold hits you with a +0 dagger of venom.
* * * LOW HITPOINT WARNING * * *
You climb upwards.
You die...

##############
.............#
############.# #.#
#.# #.# #.#
############.#####
...............g@#
############.###K#
#.# #S# #.###.#
#.....# #####.#
#.# #.#### #....#


You could see an adder, a hobgoblin and a kobold.

Vanquished Creatures
  5 ball pythons (D:1)
  3 endoplasms
  3 giant cockroaches (D:1)
  A goblin (D:1)
  3 hobgoblins (D:1)
  2 frilled lizards (D:1)
  4 rats (D:1)
21 creatures vanquished.

Notes
Turn   | Place    | Note
-------+----------+-------------------------------------------
     0 | D:1      | SeekBlessings the Formicid Fighter began the quest for the
                  | Orb.
     0 | D:1      | Reached XP level 1. HP: 18/18 MP: 1/1
     2 | D:1      | Noticed a formicid
     4 | D:1      | Noticed a merfolk
     4 | D:1      | Noticed an ogre
     6 | D:1      | Noticed a troll
     6 | D:1      | Noticed a draconian
     8 | D:1      | Noticed a vampire
    10 | D:1      | Noticed a felid
    10 | D:1      | Noticed a human
    12 | D:1      | Noticed an octopode
    12 | D:1      | Noticed a naga
    14 | D:1      | Noticed a meteoran
    16 | D:1      | Noticed a ghoul
    16 | D:1      | Noticed a minotaur
    18 | D:1      | Noticed an elf
    18 | D:1      | Noticed a tengu
    20 | D:1      | Noticed a demonspawn
    20 | D:1      | Noticed a gargoyle
    22 | D:1      | Noticed a spriggan
    22 | D:1      | Noticed a demigod
    24 | D:1      | Noticed a vine stalker
    26 | D:1      | Noticed a troll
    26 | D:1      | Noticed a palentonga
   143 | D:1      | Reached XP level 2. HP: 24/24 MP: 2/2
   307 | D:1      | Found Tumonenu's Armour Boutique.
   689 | D:1      | Reached XP level 3. HP: 30/30 MP: 3/3
   920 | D:1      | Succumbed to a kobold's poison

Illustrated notes

Levels and vault maps discovered:
D:1:      kb_arrival_jail, layout_basic, serial_shops, nicolae_shop_crystal
D:2:      layout_basic, basic_altar

Action                   || total
-------------------------++-------
Melee: Flail             ||    51
Armor: Scale mail        ||    31
Dodge: Dodged            ||    24
Block: Buckler           ||    13
